 Dungeon Crawl Stone Soup version 0.22-a0-422-g9628fc87f1 (webtiles) character file.

55 MirrMurr the Sneak (level 3, -3/16 HPs)
             Began as a Spriggan Enchanter on May 22, 2018.
             Slain by Robin
             ... wielding a +0 whip
              (4 damage)
             ... on level 2 of the Dungeon.
             The game lasted 00:04:03 (2451 turns).

MirrMurr the Sneak (Spriggan Enchanter)             Turns: 2451, Time: 00:04:04

Health: -3/16      AC:  2    Str:  5    XL:     3   Next: 67%
Magic:  1/8        EV: 18    Int: 16    God:
Gold:   65         SH:  0    Dex: 16    Spells: 1/7 levels left

rFire    . . .     SeeInvis +   a - +1 dagger
rCold    . . .     Gourm    .   (shield restricted)
rNeg     . . .     Faith    .   b - +0 robe
rPois    .         Spirit   .   (helmet restricted)
rElec    .         Reflect  .   (no cloak)
rCorr    .         Harm     .   (gloves unavailable)
MR       .....                  (boots unavailable)
Stlth    +++.......             (no amulet)
HPRegen  0.05/turn              (no ring)
MPRegen  0.11/turn              (no ring)

@: very quick
A: very small, unfitting armour, see invisible, herbivore, speed 3, slow
metabolism 2
a: no special abilities


You were on level 2 of the Dungeon.
You were hungry.

You visited 1 branch of the dungeon, and saw 3 of its levels.

You collected 65 gold pieces.

Inventory:

Hand Weapons
 a - a +1 dagger (weapon)
 h - a +0 rapier
Missiles
 c - 89 stones (quivered)
Armour
 b - a +0 robe (worn)
Scrolls
 e - a scroll of teleportation {unknown}
 i - a scroll of identify {unknown}
 r - a scroll of remove curse
Potions
 f - a potion of berserk rage {unknown}
 g - a potion of resistance {unknown}
 j - a potion of magic {unknown}
Comestibles
 d - 4 rations


   Skills:
 + Level 2.9 Short Blades
 - Level 3.0 Dodging
 + Level 6.0 Stealth
 - Level 2.6 Spellcasting
 - Level 3.6 Hexes


You had one spell level left.
You knew the following spells:

 Your Spells              Type           Power        Failure   Level  Hunger
a - Ensorcelled Hibernat  Hex/Ice        #.....       14%         2    ##.....
b - Confuse               Hex            ##......     13%         3    ###....
C - Corona                Hex            ##.....      4%          1    #......

Your spell library contained the following spells:

 Spells                   Type           Power        Failure   Level  Hunger
 Tukima's Dance           Hex            ##......     13%         3    ###....
 Dazzling Spray           Conj/Hex       #.....       28%         3    ###....


Dungeon Overview and Level Annotations

Branches:
Dungeon (3/15)

Altars:
Okawaru

Annotations:
D:2 Robin


Innate Abilities, Weirdness & Mutations

You are very small and have problems with some larger weapons.
You are too small for most types of armour.
You have supernaturally acute eyesight. (SInv)
You are a herbivore.
You cover ground extremely quickly.
You need to consume almost no food.


Message History

The goblin closely misses you.
You closely miss the goblin.
The goblin is heavily wounded.
You are feeling hungry.
The goblin closely misses you.
You hit the goblin.
The goblin is severely wounded.
Robin hits you with a whip.
* * * LOW HITPOINT WARNING * * *
The goblin completely misses you.
You hit the goblin.
You kill the goblin!
A hobgoblin comes into view.
Robin throws the goblin at you!
Unknown command.
You hit the goblin but do no damage. The goblin hits you but does no damage.
Robin hits you but does no damage.
You closely miss the goblin. The goblin barely misses you.
Robin hits you with a whip.
You die...

#####..###..####.#....##...##
#...........# #.#.##....?##
#.###..###..### #.#........gg
####..............
#.#..#.....#
...............####
#.#..##...## ####..#####..#.#
##.#..###g#... #<...)......#
##.#....!..#.##
##<#####..#.####gg....#####.#
# #.# #....g@gg#...#.# .. #
#.# #.##.###.......# .# # #.#
#.##....>......# .. # #.#
#.######.......# .# #####.#
#.# ###...### ......# #.#
#...# ......# #.# #####
.†.########.#
.........##.#####


You could see Robin, a hobgoblin and 3 goblins.

Vanquished Creatures
  An adder (D:2)
  A worm (D:2)
  A dart slug (D:2)
  A leopard gecko (D:2)
  7 bats
  A giant cockroach (D:1)
  6 goblins
  4 hobgoblins
  3 jackals (D:1)
  A ball python (D:2)
  2 frilled lizards
  4 kobolds (D:1)
  5 rats
37 creatures vanquished.

Notes
Turn   | Place    | Note
-------+----------+-------------------------------------------
     0 | D:1      | MirrMurr the Spriggan Enchanter began the quest for the Orb.
     0 | D:1      | Reached XP level 1. HP: 9/9 MP: 5/5
   644 | D:1      | Reached skill level 5 in Stealth
   644 | D:1      | Reached XP level 2. HP: 11/13 MP: 6/6
   717 | D:1      | Learned a level 2 spell: Ensorcelled Hibernation
  1636 | D:2      | Reached XP level 3. HP: 16/16 MP: 5/8
  1641 | D:2      | Learned a level 3 spell: Confuse
  2087 | D:2      | Found an iron altar of Okawaru.
  2200 | D:2      | Noticed Robin
  2251 | D:2      | Reached skill level 6 in Stealth
  2451 | D:2      | Slain by Robin

Vault maps used:
D:1:      doesnt_arrival_eight_statues
D:2:      nicolae_overflow_hidden_temple, uniq_robin
D:3:      cheibrodos_helix_gallery

Skill      XL: |  1  2  3 |
---------------+----------+-----
Stealth        | 5 6 |  6.0
Short Blades   | 2 |  2.9
Dodging        | |  3.0
Spellcasting   | |  2.6
Hexes          | |  3.6

Action                   || total
-------------------------++-------
Melee: Dagger            ||   194
 Cast: Corona            ||     1
       Ensorcelled Hiber ||    13
  Use: Scroll            ||     1
 Stab: Sleeping          ||     9
Armor: Robe              ||    19
Dodge: Dodged            ||   173

Table legend:
 A = Spawn XP
 B = Non-spawn XP
 C = Spawn XP percentage of total XP
 D = Spawn monster count
 E = Non-spawn monster count
 F = Spawn count percentage of total count
 G = Total turns spent on level
                    A         B        C        D         E        F      G
               +---------+---------+-------+---------+---------+-------+---------
         Total |       0 |      79 |   0.0 |       0 |      37 |   0.0 |  2451
               +---------+---------+-------+---------+---------+-------+---------
           D:1 |       0 |      33 |   0.0 |       0 |      19 |   0.0 |  1811
           D:2 |       0 |      45 |   0.0 |       0 |      17 |   0.0 |   633
           D:3 |       0 |       1 |   0.0 |       0 |       1 |   0.0 |     7
               +---------+---------+-------+---------+---------+-------+---------
